 Dungeon Crawl Stone Soup version 0.31-a0-180-g519b7de00c (webtiles) character file.

Game seed: 13535971514793835336

391 qw the Trooper (level 6, 0/40 HPs)
             Began as a Gargoyle Fighter on June 19, 2023.
             Slain by Robin
             ... wielding a +1 trident of venom
              (5 damage)
             ... on level 3 of the Dungeon.
             The game lasted 00:01:14 (2032 turns).

qw the Trooper (Gargoyle Fighter)                   Turns: 2032, Time: 00:01:15

Health: 0/40       AC: 14    Str: 21    XL:     6   Next: 80%
Magic:  6/6        EV:  7    Int:  9    God:
Gold:   139        SH:  4    Dex:  9    Spells: 5/5 levels left

rFire   . . .        Y - +0 war axe
rCold   . . .        c - +0 buckler
rNeg    + . .        a - +0 chain mail
rPois   inf          (no helmet)
rElec   +            (no cloak)
rCorr   .            (no gloves)
SInv    .            i - +0 pair of boots
Will    .....        (no amulet) Stlth
                     (no ring)
HPRegen 0.26/turn    (no ring)
MPRegen 0.10/turn

%: no passive effects
@: no status effects
A: sickness immunity, AC +4, negative energy resistance 1, electricity
resistance, torment resistance 1, petrification resistance
a: no special abilities


You were on level 3 of the Dungeon.
You visited 1 branch of the dungeon, and saw 3 of its levels.

You collected 139 gold pieces.


Innate Abilities, Weirdness & Mutations

You are immune to sickness and miasma.
Your stone body is resilient. (AC +4)
You are immune to poison.
You resist negative energy. (rN+)
You are resistant to electric shocks. (rElec)
You are resistant to unholy torment.
You are immune to petrification.


   Skills:
 - Level 5.3 Fighting
 + Level 5.3 Axes
 - Level 3.2 Armour
 - Level 3.2 Shields


You had 5 spell levels left.
You didn't know any spells.
Your spell library was empty.

Inventory:

Hand Weapons
 l - a +0 flail
 Y - a +0 war axe (weapon)
Armour
 a - a +0 chain mail (worn)
 c - a +0 buckler (worn)
 e - an orb of mayhem
 i - a +0 pair of boots (worn)
Jewellery
 k - a ring of fire
 m - a ring of willpower
Scrolls
 j - a scroll of enchant armour {unknown}
 o - a scroll of identify
Potions
 b - 2 potions of cancellation {unknown}
 d - a potion of might
 f - 2 potions of brilliance {unknown}
 g - 3 potions of curing
 h - a potion of heal wounds {unknown}
 n - a potion of mutation {unknown}

Dungeon Overview and Level Annotations

Branches:
Dungeon (3/15)

Altars:

Annotations:
D:3 Robin


Message History

The goblin is almost dead.
You hit the goblin.
You kill the goblin!
You hit the iguana. You slash the rat!
You kill the rat!
The goblin hits you but does no damage. The iguana bites you.
Robin roars a battlecry!
The hobgoblin goes into a battle-frenzy!
You hit the goblin.
You kill the goblin!
You hit the iguana. You hit the hobgoblin.
You kill the hobgoblin!
You block the iguana's attack. Robin barely misses you.
The iguana barely misses you. Robin hits you but does no damage.
The hobgoblin hits you but does no damage.
You hit the iguana but do no damage.
The iguana is almost dead.
You hit the hobgoblin.
A goblin comes into view. It is wielding a +0 club.
The iguana bites you!
Robin hits you from afar with a +1 trident of venom!
The hobgoblin hits you but does no damage.
You slash the iguana!
You kill the iguana!
You barely miss the hobgoblin. Robin hits you but does no damage.
The hobgoblin closely misses you.
You hit the hobgoblin.
The hobgoblin is almost dead.
Robin barely misses you.
You slash the hobgoblin!
You kill the hobgoblin!
You hit the goblin. Robin hits you but does no damage.
The goblin barely misses you. Robin hits you but does no damage.
The goblin hits you but does no damage.
You slash the goblin!
You kill the goblin!
You slash the goblin!
You kill the goblin!
Robin hits you from afar with a +1 trident of venom.
You die...

# #.# #........ ## #.#
#........P... .# #.#
##.........@. .##
#.###..####.....## ..##
#...#.## #...#.g#. #..#
#.....# #....#..g ##.##
#....## #.#.....
#.)####....######...###.#
#.)).##....##.)@)g......#
##.#.##.......))...######
#.#..#.)........###
#.##............#
###.####))........#
.%..................
#.#..###..#..........
#....# ##.#.......#...
#########.........#...


You could see Robin.

Vanquished Creatures
  Sigmund (D:3)
  An iguana (D:3)
  Jessica (D:3)
  Ijyb (D:3)
  Natasha (D:2)
  3 adders
  An adder zombie (D:2)
  2 adder skeletons (D:2)
  A worm (D:3)
  4 orcs (D:3)
  5 ball pythons
  A bat skeleton (D:2)
  A bat zombie (D:2)
  An endoplasm (D:1)
  3 giant cockroaches
  11 goblins
  9 hobgoblins
  8 jackals (D:1)
  3 quokkas
  4 bats
  5 frilled lizards
  4 kobolds
  A quokka zombie (D:2)
  7 rats
79 creatures vanquished.

Notes
Turn   | Place    | Note
-------+----------+-------------------------------------------
     0 | D:1      | qw the Gargoyle Fighter began the quest for the Orb.
     0 | D:1      | Reached XP level 1. HP: 14/14 MP: 1/1
     0 | D:1      | 0 ||| qw: Version: 0.3-a-7-ge0c9b40
     0 | D:1      | 0 ||| qw: Game counter: 979
     0 | D:1      | 0 ||| qw: Always use a shield: true
     0 | D:1      | 0 ||| qw: God list: Okawaru
     0 | D:1      | 0 ||| qw: Allow faded altars: false
     0 | D:1      | 0 ||| qw: Do Orc after D:15 true
     0 | D:1      | 0 ||| qw: Do second Lair branch before Depths: true
     0 | D:1      | 0 ||| qw: Lair rune preference: random
     0 | D:1      | 0 ||| qw: Plans: Normal, Zot:1-4, Slime:5, God:TSO, Crypt,
                  | Tomb, Abyss, Pan, Hells, Win
     0 | D:1      | 0 ||| PLANNING D:1-11
    84 | D:1      | Reached XP level 2. HP: 18/19 MP: 2/2
   240 | D:1      | Reached skill level 3 in Axes
   375 | D:1      | Reached XP level 3. HP: 19/23 MP: 3/3
   767 | D:1      | 767 ||| UPGRADING to +0 pair of boots.
   772 | D:1      | 772 ||| DROPPING scarf of harm.
   773 | D:1      | 773 ||| READING 2 scrolls labelled IGYACO BIALY.
   774 | D:1      | 774 ||| READING scroll labelled VOIBEQ XEITZ.
   775 | D:1      | 775 ||| DROPPING scroll of amnesia.
   815 | D:2      | 815 ||| STAIRDANCE
   926 | D:2      | 926 ||| Stepping ~*~*~tactically~*~*~ (stealth).
  1037 | D:2      | 1037 ||| Stepping ~*~*~tactically~*~*~ (hiding).
  1458 | D:2      | Reached XP level 4. HP: 27/28 MP: 4/4
  1466 | D:2      | Noticed Natasha
  1467 | D:2      | 1467 ||| Stepping ~*~*~tactically~*~*~ (stealth).
  1475 | D:2      | 1475 ||| Stepping ~*~*~tactically~*~*~ (hiding).
  1486 | D:2      | Killed Natasha
  1524 | D:2      | Identified the +9 dagger of Uncomfortable Rashes {pain,
                  | Drain Will+ Str+4}
  1590 | D:2      | 1590 ||| UPGRADING to +0 chain mail.
  1600 | D:2      | 1600 ||| DROPPING +0 scale mail.
  1601 | D:2      | 1601 ||| READING scroll labelled OJOISO EQAFEOQ.
  1602 | D:2      | 1602 ||| READING scroll labelled KANGUNE RIMNE.
  1603 | D:2      | 1603 ||| READING scroll labelled TAFUSS MILYD.
  1604 | D:2      | 1604 ||| DRINKING 4 black potions.
  1692 | D:3      | 1692 ||| Stepping ~*~*~tactically~*~*~ (stealth).
  1707 | D:3      | 1707 ||| Stepping ~*~*~tactically~*~*~ (stealth).
  1719 | D:3      | Reached XP level 5. HP: 26/32 MP: 5/5
  1726 | D:3      | Noticed Ijyb
  1727 | D:3      | 1727 ||| Stepping ~*~*~tactically~*~*~ (stealth).
  1744 | D:3      | 1744 ||| DROPPING +0 club.
  1749 | D:3      | Noticed Jessica
  1750 | D:3      | 1750 ||| Stepping ~*~*~tactically~*~*~ (stealth).
  1761 | D:3      | Killed Jessica
  1768 | D:3      | Killed Ijyb
  1999 | D:3      | 1999 ||| Stepping ~*~*~tactically~*~*~ (stealth).
  2001 | D:3      | 2001 ||| Stepping ~*~*~tactically~*~*~ (stealth).
  2004 | D:3      | 2004 ||| Stepping ~*~*~tactically~*~*~ (stealth).
  2004 | D:3      | Noticed Sigmund
  2005 | D:3      | 2005 ||| Stepping ~*~*~tactically~*~*~ (stealth).
  2016 | D:3      | Identified the +1 helmet "Kuhole" {Rampage rCorr Slay+3}
  2016 | D:3      | Noticed Robin
  2022 | D:3      | Killed Sigmund
  2023 | D:3      | Reached XP level 6. HP: 33/40 MP: 6/6
  2028 | D:3      | HP: 4/40 [Robin/+1 trident of venom (10)]
  2032 | D:3      | Slain by Robin

Levels and vault maps discovered:
D:1:      ncdulo_wetmaze, layout_basic
D:2:      layout_loops_ring, dilly_guarded_unrand_morg
D:3:      layout_rooms, mainiacjoe_overflow_boulevard,
          hellmonk_ecumenical_altar_run_dry, uniq_sigmund, uniq_ijyb,
          uniq_robin, uniq_jessica

Skill      XL: |  1  2  3  4  5 |
---------------+----------------+-----
Axes           | 2 3 4 5 |  5.3
Fighting       | 5 |  5.3
Armour         | |  3.2
Shields        | |  3.2

Action                     |  1- 3 |  4- 6 || total
---------------------------+-------+-------++-------
  Melee: War axe           |   108 |   110 ||   218
    Use: Scroll            |     2 |     3 ||     5
         Potion            |       |     1 ||     1
 Armour: Scale mail        |    60 |     8 ||    68
         Chain mail        |       |    83 ||    83
  Dodge: Dodged            |    56 |    48 ||   104
  Block: Buckler           |    23 |    30 ||    53

Table legend:
 A = Non-vault XP
 B = Vault XP
 C = Vault XP percentage of total XP
 D = Non-vault monster count
 E = Vault monster count
 F = Vault count percentage of total count
                 A         B        C        D         E       F
            +---------+---------+-------+---------+---------+-------
      Total |     174 |     389 |  69.1 |      58 |      21 |  26.6
            +---------+---------+-------+---------+---------+-------
        D:1 |      41 |       0 |   0.0 |      24 |       0 |   0.0
        D:2 |      32 |      56 |  63.6 |      14 |       7 |  33.3
        D:3 |     101 |     333 |  76.7 |      20 |      14 |  41.2
            +---------+---------+-------+---------+---------+-------
